 Dungeon Crawl Stone Soup version 0.30-a0-913-g9934a0ce24 (webtiles) character file.

Game seed: 448167527556368737

33 bobarctor the Stinger (level 3, -8/36 HPs)
             Began as a Demonspawn Venom Mage on Mar 20, 2023.
             Mangled by Sigmund
             ... wielding a +0 scythe of venom
              (9 damage)
             ... on level 2 of the Dungeon.
             The game lasted 00:07:46 (1235 turns).

bobarctor the Stinger (Demonspawn Venom Mage)       Turns: 1235, Time: 00:07:47

Health: -8/36      AC: 21    Str:  8    XL:     3   Next: 12%
Magic:  3/6        EV:  2    Int: 18    God:
Gold:   19         SH:  0    Dex: 13    Spells: 1/7 levels left

rFire   . . .      SeeInvis .    e - +0 dagger
rCold   . . .      Faith    .    (no shield)
rNeg    . . .      Spirit   .    a - melded +0 robe
rPois   +          Reflect  .    (helmet currently unavailable)
rElec   .          Rampage  .    (cloak currently unavailable)
rCorr   .          NoTele   +    (gloves currently unavailable)
Will    .....                    (boots currently unavailable)
Stlth   ++                       (no amulet)
HPRegen 0.26/turn                (no ring)
MPRegen 0.10/turn                (no ring)

@: lethally poisoned (-8 -> -21), tree-form
A: stationary, stasis, torment immunity, boosted hp, (demonic touch 1)
a: no special abilities


You were on level 2 of the Dungeon.
You were a tree.
You visited 1 branch of the dungeon, and saw 2 of its levels.

You collected 19 gold pieces.

Inventory:

Hand Weapons
 c - a +0 quarterstaff
 d - a +0 short sword
 e - a +0 dagger (weapon)
Armour
 a - a +0 robe (melded)
Scrolls
 f - a scroll of immolation {unknown}
 g - a scroll of amnesia {unknown}
Potions
 b - a potion of magic


   Skills:
 + Level 1.8 Dodging
 + Level 2.0 Stealth
 * Level 2.6 Spellcasting
 + Level 1.2 Transmutations
 * Level 0.1 Air Magic
 + Level 3.3 Poison Magic


You had one spell level left.
You knew the following spells:

 Your Spells              Type           Power      Damage    Failure   Level
a - Sting                 Tmut/Pois      40%        1d5       7%          1
b - Poisonous Vapours     Pois/Air       16%        N/A       13%         2
c - Mephitic Cloud        Conj/Pois/Air  6%         N/A       30%         3

Your spell library contained the following spells:

 Spells                   Type           Power      Damage    Failure   Level
 Wereblood                Tmut           6%         N/A       16%         2
 Sublimation of Blood     Necr           2%         N/A       26%         2
 Olgreb's Toxic Radiance  Pois           14%        N/A       38%         4
 Summon Hydra             Summ           1%         N/A       100%        7


Dungeon Overview and Level Annotations

Branches:
Dungeon (2/15)

Altars:

Annotations:
D:2 Sigmund


Innate Abilities, Weirdness & Mutations

You are a tree.
Your roots penetrate the ground, keeping you stationary.
You cannot be teleported.
You are immune to unholy pain and torment.
Your maximum health is greatly increased.
Your equipment is partially melded.
((Your touch may inflict minor irresistible damage on your foes.))


Message History

You resist with significant effort.
Sigmund is suddenly surrounded by pale blue light.
Sigmund casts a spell at you.
You are confused.
Unknown command.
You bump into the rock wall.
Sigmund hits you from afar with a +0 scythe of venom!
Ouch! That really hurt!
You are lethally poisoned!
You feel very sick.
You're too confused to move!
* * * LOW HITPOINT WARNING * * *
You feel very sick.
Your magic is already full.
It was a potion of lignification.
You turn into a tree.
Your +0 robe melds into your body.
Your roots penetrate the ground.
You feel less confused.
* * * LOW HITPOINT WARNING * * *
You feel very sick.
Sigmund points at you and mumbles some strange words.
You resist with significant effort.
Casting: Sting (safe; 7% risk of failure)
Confirm with . or Enter, or press ? or * to list all spells.
Aiming: Poisonous Vapours (safe; 13% risk of failure)
Press: ? - help, Dir - move target, f - Sigmund
Aim: Sigmund, wielding a +0 scythe of venom and wearing a +0 robe Poisonous vapours surround Sigmund!
Sigmund is poisoned.
* * * LOW HITPOINT WARNING * * *
You feel sick. Sigmund hits you but does no damage.
You are more poisoned.
Casting: Poisonous Vapours (safe; 13% risk of failure)
Confirm with . or Enter, or press ? or * to list all spells.
Aiming: Sting (safe; 7% risk of failure)
Press: ? - help, Shift-Dir - straight line, f/p - Sigmund
Aim: Sigmund, wielding a +0 scythe of venom and wearing a +0 robe (poisoned, 68% to hit)
The sting hits Sigmund.
Sigmund looks even sicker.
Sigmund is lightly wounded.
* * * LOW HITPOINT WARNING * * *
You feel very sick.
Sigmund hits you from afar with a +0 scythe of venom!
You die...

##+# #..#
#.<# #.##
#.#
#.#####
#..♣..#
..#####@#
.#.(..#.#
#......#.#
###....#.#
#....#.#
###.##..
..###.#
... .#


You could see Sigmund (very poisoned).

Vanquished Creatures
  A dart slug (D:1)
  3 endoplasms (D:1)
  2 goblins (D:1)
  3 hobgoblins (D:1)
  2 kobolds (D:1)
  6 quokkas (D:1)
  4 ball pythons (D:1)
  2 bats (D:1)
  A frilled lizard (D:1)
  4 rats (D:1)
28 creatures vanquished.

Notes
Turn   | Place    | Note
-------+----------+-------------------------------------------
     0 | D:1      | bobarctor the Demonspawn Venom Mage began the quest for the
                  | Orb.
     0 | D:1      | Reached XP level 1. HP: 13/13 MP: 3/3
    19 | D:1      | Found a faded altar of an unknown god.
   146 | D:1      | Gained mutation: Your touch may inflict minor irresistible
                  | damage on your foes. [demonic ancestry]
   146 | D:1      | Reached XP level 2. HP: 19/19 MP: 0/5
   255 | D:1      | Reached skill level 1 in Transmutations
   310 | D:1      | Learned a level 2 spell: Poisonous Vapours
   695 | D:1      | Reached XP level 3. HP: 24/24 MP: 3/6
   803 | D:1      | Learned a level 3 spell: Mephitic Cloud
  1222 | D:2      | Noticed Sigmund
  1235 | D:2      | HP: 1/36 [poisoned by Sigmund]
  1235 | D:2      | Mangled by Sigmund

Illustrated notes

Levels and vault maps discovered:
D:1:      lemuel_arrival_cross, layout_basic, chequers_ecumenical_altar_simple
D:2:      minmay_wonky_spiral, layout_basic, serial_co_window_serial,
          co_window_corner_a, co_window_paths_a, co_window_of_opportunity_a,
          co_window_paths_a, co_window_of_opportunity_a, co_window_paths_b,
          co_window_of_opportunity_a, co_window_broadway_c,
          co_window_unsneaky_path_e, co_window_corner_cb, co_window_paths_c,
          co_window_2corner, co_window_broadway_b, co_window_paths_e,
          glass_columns_c, glass_columns_c, glass_columns_a, glass_columns_c,
          glass_columns_a, minmay_unequal, uniq_sigmund

Skill      XL: |  1  2 |
---------------+-------+-----
Stealth        | 2 |  2.0
Transmutations | 1 |  1.2
Dodging        | |  1.8
Spellcasting   | |  2.6
Air Magic      | |  0.1
Poison Magic   | |  3.3

Action                     || total
---------------------------++-------
  Melee: Short sword       ||    11
         Dagger            ||    33
         Touch             ||     5
         Punch             ||     1
   Cast: Sting             ||    28
         Poisonous Vapours ||    10
    Use: Potion            ||     1
 Armour: Robe              ||    10
         Skin              ||     1
  Dodge: Dodged            ||    49

Table legend: (Time is in decaauts)
 A = Elapsed time spent in this place.
 B = Non-inter-level travel time spent in this place.
 C = Inter-level travel time spent in this place.
 D = Time resting spent in this place.
 E = Time spent auto-exploring this place.
 F = Levels seen in this place.
 G = Mean time per level.
                   A        B        C        D        E       F      G
               +--------+--------+--------+--------+--------+-----+--------+
         Total |   1233 |   1194 |     39 |    362 |    574 |   2 |  616.5 |
       Dungeon |   1233 |   1194 |     39 |    362 |    574 |   2 |  616.5 |
               +--------+--------+--------+--------+--------+-----+--------+

Top non-repeatable levels by time:
     D:1: 1210 daAuts
     D:2: 22 daAuts
